 Dungeon Crawl Stone Soup version 0.25-a0-339-gb37b713 (webtiles) character file.

Game seed: 9186464789266991127, levelgen mode: deterministic

123 Birdy the Ducker (level 4, -3/34 HPs)
             Began as a Demonspawn Gladiator on Dec 29, 2019.
             Slain by Grinder (5 damage)
             ... on level 3 of the Dungeon.
             The game lasted 00:04:44 (3513 turns).

Birdy the Ducker (Demonspawn Gladiator)             Turns: 3513, Time: 00:04:44

Health: -3/34      AC:  5    Str: 14    XL:     4   Next: 79%
Magic:  4/4        EV: 13    Int: 10    God:
Gold:   78         SH:  0    Dex: 15    Spells: 3/3 levels left

rFire    . . .     SeeInvis .   a - +0 long sword
rCold    + . .     Gourm    .   (no shield)
rNeg     . . .     Faith    .   b - +0 leather armour
rPois    .         Spirit   .   c - +0 helmet
rElec    .         Reflect  .   h - +0 cloak
rCorr    +         Harm     .   (no gloves)
MR       .....                  (no boots)
Stlth    +.........             (no amulet)
HPRegen  0.11/turn              g - ring of resist corrosion
MPRegen  0.09/turn              (no ring)

@: no status effects
A: cold resistance 1, freezing cloud immunity
a: no special abilities


You were on level 3 of the Dungeon.
You were not hungry.

You visited 1 branch of the dungeon, and saw 3 of its levels.

You collected 78 gold pieces.

Inventory:

Hand Weapons
 a - a +0 long sword (weapon)
Armour
 b - a +0 leather armour (worn)
 c - a +0 helmet (worn)
 h - a +0 cloak (worn)
Jewellery
 g - a ring of resist corrosion (left hand)
 j - an uncursed ring of protection from magic {unknown}
Scrolls
 k - a scroll of fear
 l - a scroll of enchant weapon {unknown}
Potions
 e - 2 potions of flight
Comestibles
 f - 4 rations


   Skills:
 + Level 2.5 Fighting
 * Level 3.5 Long Blades
 - Level 1.7 Throwing
 * Level 2.0 Armour
 * Level 3.5 Dodging


You had 3 spell levels left.
You didn't know any spells.
Your spell library was empty.

Dungeon Overview and Level Annotations

Branches:
Dungeon (3/15)

Altars:
Ashenzari
Cheibriados
Fedhas

Annotations:
D:3 Grinder


Innate Abilities, Weirdness & Mutations

Your flesh is cold resistant. (rC+)
You are immune to freezing clouds.


Message History

Okay, then.
Grinder says, "At least Makhleb appreciates what I'm doing."
Grinder hits you!
You writhe in agony.
There is a stone staircase leading down here.
You hit Grinder but do no damage. Grinder hits you.
You writhe in agony.
Grinder gestures at you. Pain shoots through your body!
* * * LOW HITPOINT WARNING * * *
Unknown command.
You slash Grinder!
Grinder is moderately wounded.
The giant cockroach bites you but does no damage.
Grinder barely misses you.
You riposte.
You hit Grinder.
Grinder is moderately wounded.
The giant cockroach barely misses you.
You riposte.
You hit the giant cockroach but do no damage.
You barely miss Grinder.
Grinder is moderately wounded.
Grinder hits you.
You die...

## .. #. # #.
#.#####..##
#...#.........#
#....s5###.....
######@# .##
#.# ###


You could see Grinder and a giant cockroach.

Vanquished Creatures
  Crazy Yiuf (D:2)
  A worker ant (D:3)
  An adder (D:2)
  An ooze (D:1)
  3 dart slugs (D:1)
  A leopard gecko (D:2)
  5 orcs (D:3)
  5 goblins
  4 hobgoblins
  7 jackals
  6 kobolds
  A quokka (D:2)
  A ball python (D:2)
  2 bats (D:1)
  5 frilled lizards
  A rat (D:2)
45 creatures vanquished.

Notes
Turn   | Place    | Note
-------+----------+-------------------------------------------
     0 | D:1      | Birdy the Demonspawn Gladiator began the quest for the Orb.
     0 | D:1      | Reached XP level 1. HP: 16/16 MP: 1/1
   308 | D:1      | Gained mutation: Your flesh is cold resistant. (rC+)
                  | [demonic ancestry]
   308 | D:1      | Reached XP level 2. HP: 22/22 MP: 2/2
   567 | D:1      | Reached skill level 1 in Armour
   984 | D:1      | Gained mutation: You are immune to freezing clouds.
                  | [demonic ancestry]
   984 | D:1      | Reached XP level 3. HP: 27/27 MP: 3/3
  1391 | D:2      | Found a shattered altar of Ashenzari.
  1485 | D:2      | Found a blossoming altar of Fedhas.
  1819 | D:2      | Found a snail-covered altar of Cheibriados.
  2134 | D:2      | Found a runed translucent door.
  2135 | D:2      | Noticed Crazy Yiuf
  2179 | D:2      | Killed Crazy Yiuf
  2179 | D:2      | Reached XP level 4. HP: 4/34 MP: 4/4
  2783 | D:3      | Found a faded altar of an unknown god.
  3197 | D:3      | HP: 1/34 [gnoll/+0 flail (10)]
  3508 | D:3      | Noticed Grinder
  3513 | D:3      | Slain by Grinder

Levels and vault maps discovered:
D:1:      minmay_arrival_plants_in_alcoves, layout_basic, grunt_decor_arrowhead
D:2:      layout_basic, fedhas_ov_isle_minmay, nicolae_overflow_crystal_walls,
          lemuel_crystal_altar, uniq_crazy_yiuf_cottage
D:3:      layout_loops_ring, lemuel_coloured_pillars_altar,
          chequers_ecumenical_altar_simple, uniq_grinder

Skill      XL: |  1  2  3  4 |
---------------+-------------+-----
Armour         | 1 2 |  2.0
Long Blades    | 3 |  3.5
Dodging        | 3 |  3.5
Fighting       | |  2.5
Throwing       | |  1.7

Action                   |  1- 3 |  4- 6 || total
-------------------------+-------+-------++-------
Melee: Long sword        |   104 |    56 ||   160
Throw: Dart              |     5 |     5 ||    10
       Throwing net      |     1 |     3 ||     4
  Use: Scroll            |     1 |     3 ||     4
 Stab: Sleeping          |     1 |       ||     1
  Eat: Chunk             |     4 |     1 ||     5
       Ration            |       |     1 ||     1
Armor: Leather armour    |    33 |     7 ||    40
Dodge: Dodged            |    76 |    59 ||   135
       Rpst.: Long sword |    27 |    16 ||    43

Table legend:
 A = Non-vault XP
 B = Vault XP
 C = Vault XP percentage of total XP
 D = Non-vault monster count
 E = Vault monster count
 F = Vault count percentage of total count
                 A         B        C        D         E       F
            +---------+---------+-------+---------+---------+-------
      Total |     136 |      40 |  22.7 |      44 |       1 |   2.2
            +---------+---------+-------+---------+---------+-------
        D:1 |      47 |       0 |   0.0 |      21 |       0 |   0.0
        D:2 |      29 |      40 |  58.0 |      10 |       1 |   9.1
        D:3 |      60 |       0 |   0.0 |      13 |       0 |   0.0
            +---------+---------+-------+---------+---------+-------
